 Dungeon Crawl Stone Soup version 0.23.1 (webtiles) character file.

Game seed: 13963214414293956239

98 Borgoz the Sneak (level 4, -2/25 HPs)
             Began as a Gargoyle Enchanter on Mar 9, 2019.
             Slain by Crazy Yiuf
             ... wielding a +2 quarterstaff of chaos
              (18 damage)
             ... on level 2 of the Dungeon.
             The game lasted 00:03:24 (3021 turns).

Borgoz the Sneak (Gargoyle Enchanter)               Turns: 3021, Time: 00:03:30

Health: -2/25      AC:  6    Str: 12    XL:     4   Next: 71%
Magic:  1/7        EV: 12    Int: 15    God:
Gold:   104        SH:  5    Dex: 11    Spells: 1/7 levels left

rFire    . . .     SeeInvis .   c - +0 dagger (curse)
rCold    . . .     Gourm    .   (no shield)
rNeg     + . .     Faith    .   i - +0 leather armour (curse)
rPois    ∞         Spirit   .   (no helmet)
rElec    +         Reflect  +   (no cloak)
rCorr    .         Harm     .   (no gloves)
MR       .....                  (no boots)
Stlth    ++........             h - +5 amulet of reflection
HPRegen  0.08/turn              (no ring)
MPRegen  0.10/turn              (no ring)

@: very slightly contaminated
A: negative energy resistance 1, electricity resistance, unbreathing,
petrification resistance, rot immunity, AC +3
a: no special abilities


You were on level 2 of the Dungeon.
You were not hungry.

You visited 1 branch of the dungeon, and saw 2 of its levels.

You collected 104 gold pieces.

Inventory:

Hand Weapons
 a - a +1 dagger
 c - a cursed +0 dagger (weapon)
 g - a +3 whip of electrocution
Armour
 i - a cursed +0 leather armour (worn)
Jewellery
 h - a +5 amulet of reflection (around neck)
Scrolls
 e - a scroll of remove curse {unknown}
 j - 2 scrolls of amnesia {unknown}
 l - a scroll of blinking {unknown}
 m - a scroll of random uselessness {unknown}
 n - a scroll of enchant armour {unknown}
Potions
 f - 2 potions of haste {unknown}
 k - a potion of curing {unknown}
Comestibles
 d - 5 rations


   Skills:
 + Level 1.4 Fighting
 * Level 2.1 Short Blades
 + Level 1.0 Armour
 + Level 2.0 Dodging
 + Level 3.6 Stealth
 + Level 2.4 Spellcasting
 + Level 3.0 Hexes


You had one spell level left.
You knew the following spells:

 Your Spells              Type           Power        Failure   Level  Hunger
a - Corona                Hex            ##.....      8%          1    #......
b - Ensorcelled Hibernat  Hex/Ice        #.....       22%         2    ###....
c - Confuse               Hex            ##......     22%         3    ###....

Your spell library contained the following spells:

 Spells                   Type           Power        Failure   Level  Hunger
 Tukima's Dance           Hex            ##......     22%         3    ###....
 Dazzling Spray           Conj/Hex       #.....       41%         3    ###....


Dungeon Overview and Level Annotations

Branches:
Dungeon (2/15)

Altars:

Annotations:
D:2 Crazy Yiuf


Innate Abilities, Weirdness & Mutations

You are resistant to torment.
Your stone body is resilient. (AC +3)
You are immune to poison.
You resist negative energy. (rN+)
You are resistant to electric shocks. (rElec)
You can survive without breathing.
You are immune to petrification.
You are immune to rotting.


Message History

Casting: Ensorcelled Hibernation (safe; 22% risk of failure)
Confirm with . or Enter, or press ? or * to list all spells.
Aiming: Ensorcelled Hibernation (safe; 22% risk of failure)
Press: ? - help, Shift-Dir - straight line, f/p - Crazy Yiuf
Aim: Crazy Yiuf, wielding a +2 quarterstaff of chaos and wearing a +0 cloak (chance to defeat MR: 47%) Crazy Yiuf resists with some effort.
Crazy Yiuf hits you with a +2 quarterstaff of chaos.
Crazy Yiuf freezes you.
Casting: Ensorcelled Hibernation (safe; 22% risk of failure)
Confirm with . or Enter, or press ? or * to list all spells.
Aiming: Ensorcelled Hibernation (safe; 22% risk of failure)
Press: ? - help, Shift-Dir - straight line, f/p - Crazy Yiuf
Aim: Crazy Yiuf, wielding a +2 quarterstaff of chaos and wearing a +0 cloak (chance to defeat MR: 47%)
You miscast Ensorcelled Hibernation.
You are very lightly contaminated with residual magic.
A chill runs through your body.
Crazy Yiuf hits you with a +2 quarterstaff of chaos.
Space warps horribly around you!!
Ouch! That really hurt!
You die...

#.##........##.###...##.#.....
#.##....######## ##..##.......
#.##....# #..#........
####....# ##### #.........#.
#....# #..)# #..#.###.##.
###'## #...# #..#.# #.##.
#####.## ... #.)..# #...#
#......# #g# ####†# #.###
###.###.## ♣♣@♣ ####.###.#
##.......# ♣.♣♣ #.......####
#.....##.## ♣♣.♣ #...........
#.##..##..# ♣.♣♣ #######.#...
#.....##.## ♣♣.♣♣ #.#...
####.###.# ♣..P♣♣ #.#### #.#
#.# ♣P..P♣ #.# #####.###.#
##..## #.# #.........#
##....##########.#


You could see Crazy Yiuf.

Vanquished Creatures
  4 adders (D:2)
  An ooze (D:2)
  3 leopard geckos (D:2)
  2 ball pythons (D:2)
  9 bats
  7 giant cockroaches
  4 goblins
  3 hobgoblins (D:1)
  3 jackals (D:1)
  A quokka (D:2)
  A frilled lizard (D:1)
  7 kobolds
  5 rats
50 creatures vanquished.

Notes
Turn   | Place    | Note
-------+----------+-------------------------------------------
     0 | D:1      | Borgoz the Gargoyle Enchanter began the quest for the Orb.
     0 | D:1      | Reached XP level 1. HP: 10/10 MP: 3/3
    32 | D:1      | Reached skill level 1 in Short Blades
    66 | D:1      | Reached XP level 2. HP: 3/16 MP: 5/5
   730 | D:1      | Reached XP level 3. HP: 13/20 MP: 6/6
  1875 | D:2      | Reached skill level 1 in Fighting
  1879 | D:2      | Learned a level 2 spell: Ensorcelled Hibernation
  1883 | D:2      | Learned a level 3 spell: Confuse
  1909 | D:2      | Reached XP level 4. HP: 10/25 MP: 7/7
  2179 | D:2      | Found a runed translucent door.
  2180 | D:2      | Noticed Crazy Yiuf
  2309 | D:2      | Reached skill level 1 in Armour
  3021 | D:2      | Slain by Crazy Yiuf

Skill      XL: |  1  2  3  4 |
---------------+-------------+-----
Short Blades   | 1 2 |  2.1
Fighting       | 1 |  1.4
Hexes          | 3 |  3.0
Armour         | 1 |  1.0
Dodging        | 2 |  2.0
Stealth        | |  3.6
Spellcasting   | |  2.4

Action                   |  1- 3 |  4- 6 || total
-------------------------+-------+-------++-------
Melee: Dagger            |   199 |    99 ||   298
 Cast: Ensorcelled Hiber |       |     2 ||     2
  Use: Scroll            |     1 |       ||     1
 Stab: Sleeping          |     8 |     3 ||    11
  Eat: Chunk             |     3 |     4 ||     7
Armor: Robe              |    84 |       ||    84
       Leather armour    |       |    43 ||    43
Dodge: Dodged            |   165 |    50 ||   215
Block: Other             |       |    16 ||    16
